[Event "FICS Team League T30"]
[Site "FICS, San Jose, California USA"]
[Date "2006.05.14"]
[Time "08:58:29"]
[Round "5"]
[White "Woodchuck"]
[Black "Cilia"]
[WhiteElo "1630"]
[BlackElo "1650"]
[TimeControl "2700+45"]
[Mode "ICS"]
[Result "1-0"]

1. d4 Nf6 2. c4 e6 3. Nc3 Bb4 4. a3 Bxc3+ 5. bxc3 h6 6. Qc2 b6 7. Nf3 Nc6
8. e4 d6 9. Bd3 Ba6 10. Qa4 Bb7 11. d5 Qd7 12. dxc6 Bxc6 13. Qc2 e5 14. O-O
Qg4 15. Re1 h5 16. Bg5 Nh7 17. h3 Qe6 18. Be3 Bd7 19. Rad1 g5 20. Bxg5 Rg8
21. Bc1 Qxh3 22. Bf1 O-O-O 23. Rd3 Rxg2+ 24. Bxg2 Rg8 25. Ng5 Qh4 26. Nxh7
Bh3 27. Bg5 Bxg2 28. Bxh4 Bxe4+ 29. Bg3
{Black resigns} 1-0

[Event "FICS Team League T30"]
[Site "FICS, San Jose, California USA"]
[Date "2006.05.12"]
[Time "13:00:32"]
[Round "5"]
[White "alfreale"]
[Black "bsdc"]
[WhiteElo "1420"]
[BlackElo "1648"]
[TimeControl "2700+45"]
[Mode "ICS"]
[Result "1-0"]

1. e4 g6 2. d4 Bg7 3. Nf3 d6 4. Be2 Nf6 5. Qd3 Nc6 6. Bd2 O-O 7. d5 Nb8
8. c4 c6 9. Nc3 cxd5 10. cxd5 b6 11. O-O-O Ba6 12. Qc2 Bxe2 13. Nxe2 Nbd7
14. Kb1 Qc8 15. Rc1 Qxc2+ 16. Rxc2 Rfc8 17. Nc3 Nc5 18. Rhc1 Ncxe4 19. Nxe4
Rxc2 20. Nxf6+ Bxf6 21. Rxc2 Kf8 22. Rc7 Ke8 23. Bg5 Kd8 24. Rc2 Bg7 25. Re2
f6 26. Bh4 Kd7 27. g4 Rc8 28. Rc2 Rxc2 29. Kxc2 e5 30. dxe6+ Kxe6 31. Nd4+
Kd7 32. Kd3 a6 33. f4 h6 34. Bg3 g5 35. fxg5 fxg5 36. b3 Bf8 37. Nf5 Ke6
38. Kd4 h5 39. Ne3 hxg4 40. Nxg4 Bg7+ 41. Kd3 Kd5 42. h4 gxh4 43. Bxh4 Kc5
44. Be7 Kc6 45. Ne3 b5 46. Nf5 Be5 47. b4 d5 48. Bc5 Bf6 49. Ne7+ Bxe7 50. Bxe7
Kd7 51. Bc5 Kc6 52. Kd4 Kd7 53. Kxd5 a5 54. a3 Kc7 55. Bf8 Kb6 56. Be7 Ka6
57. Kc5 axb4 58. axb4 Kb7 59. Kxb5
{Black resigns} 1-0

[Event "FICS Team League T30"]
[Site "FICS, San Jose, California USA"]
[Date "2006.05.14"]
[Time "20:01:58"]
[Round "5"]
[White "jgrfilho"]
[Black "Niettajean"]
[WhiteElo "1505"]
[BlackElo "1496"]
[TimeControl "2700+45"]
[Mode "ICS"]
[Result "0-1"]

1. e4 e5 2. Nf3 d6 3. Bc4 Be7 4. c3 Nf6 5. d3 O-O 6. O-O a6 7. Nbd2 b5 8. Bb3
Nc6 9. d4 exd4 10. cxd4 d5 11. Re1 dxe4 12. Nxe4 Bb7 13. a3 Na5 14. Nxf6+
Bxf6 15. Ba2 Bd5 16. b4 Nc4 17. Ne5 Qd6 18. Bf4 Bxe5 19. dxe5 Qe6 20. Qc2
Nxa3 21. Bxd5 Nxc2 22. Bxe6 Nxe1 23. Rxe1 fxe6 24. Rc1 Rxf4 25. Rxc7 Rxb4
26. f3 Rc4 27. Re7 Rc6 28. f4 b4 29. Rb7 Rc4 30. g4 Rac8 31. Kg2 Rxf4 32. Kg3
Re4
{White resigns} 0-1

[Event "FICS Team League T30"]
[Site "FICS, San Jose, California USA"]
[Date "2006.05.14"]
[Time "11:58:43"]
[Round "5"]
[White "backrankmate"]
[Black "OroAzul"]
[WhiteElo "1485"]
[BlackElo "1436"]
[TimeControl "2700+45"]
[Mode "ICS"]
[Result "1-0"]

1. e4 e6 2. d4 d5 3. e5 c5 4. Nf3 cxd4 5. Qxd4 Nc6 6. Bb5 Bd7 7. Bxc6 bxc6
8. O-O c5 9. Qf4 Nh6 10. Qg5 Qb6 11. b3 Nf5 12. Nc3 Be7 13. Qd2 O-O 14. Ba3
Bc6 15. Rab1 Rfd8 16. Na4 Bxa4 17. bxa4 Qc7 18. g4 Nh4 19. Nxh4 Bxh4 20. Qf4
h6 21. Qe3 c4 22. f4 c3 23. g5 hxg5 24. Qh3 Qc4 25. Rb3 Qd4+ 26. Kh1 Qe4+
27. Qf3 Qxc2 28. fxg5 Bxg5 29. Qxf7+ Kh7 30. Rg1 Qe4+ 31. Rg2 Rf8 32. Bxf8
Bh6 33. Bxg7 Bxg7 34. Qxg7#
{Black checkmated} 1-0

[Event "FICS Team League T30"]
[Site "FICS, San Jose, California USA"]
[Date "2006.05.11"]
[Time "05:04:40"]
[Round "5"]
[White "redback"]
[Black "SCUGrad"]
[WhiteElo "1452"]
[BlackElo "1394"]
[TimeControl "2700+45"]
[Mode "ICS"]
[Result "0-1"]

1. e4 e5 2. Nf3 Nc6 3. Bb5 a6 4. Ba4 Nf6 5. O-O Be7 6. d4 exd4 7. Nxd4 Nxe4
8. Nxc6 bxc6 9. Re1 Nc5 10. Bxc6 dxc6 11. Qxd8+ Kxd8 12. Be3 Rb8 13. Bd4
f6 14. Nc3 Rxb2 15. Rad1 Bd7 16. Rd2 Re8 17. Ne4 Rb5 18. Nxc5 Bxc5 19. Rxe8+
Kxe8 20. f3 Bxd4+ 21. Rxd4 Rb2 22. Ra4 Rxc2 23. Rxa6 c5 24. a4 c4 25. a5
c3 26. Ra8+ Ke7 27. a6 Ra2 28. a7 c2 29. Kf2 c1=Q+ 30. Kg3 Bc6
{White resigns} 0-1

[Event "FICS Team League T30"] 
[Site "FICS, San Jose, California USA"] 
[Date "2006.05.14"] 
[Time "06:11:37"] 
[Round "5"] 
[White "nasmichael"] 
[Black "zagothal"] 
[WhiteElo "1320"] 
[BlackElo "1270"] 
[TimeControl "2700+45"] 
[Mode "ICS"] 
[Result "1-0"] 

1. d4 d5 2. Nf3 Bg4 3. Bf4 e6 4. e3 g5 5. Bg3 Nc6 6. h3 Bxf3 7. Qxf3 Bb4+ 
8. c3 Ba5 9. Bb5 Qd7 10. Nd2 Nge7 11. b4 Bb6 12. a4 a6 13. Bd3 Rf8 14. Nb3 
Ng6 15. b5 axb5 16. Bxb5 Na5 17. Bxd7+ Kxd7 18. Nxa5 Bxa5 19. O-O Bxc3 20. Rac1 
Ba5 21. Qe2 Bb6 22. Qb5+ Ke7 23. Bxc7 Bxc7 24. Rxc7+ Kf6 25. f4 g4 26. hxg4 
Rg8 27. f5 exf5 28. Rxf5+ Kg7 29. Rfxf7+ Kh8 30. Rxh7# 
{Black checkmated} 1-0

[Event "FICS Team League T30"]
[Site "FICS, San Jose, California USA"]
[Date "2006.05.12"]
[Time "16:59:05"]
[Round "5"]
[White "fidelian"]
[Black "KlassAct"]
[WhiteElo "1450"]
[BlackElo "1419"]
[TimeControl "2700+45"]
[Mode "ICS"]
[Result "1-0"]

1. e4 e5 2. Nf3 Nc6 3. Bb5 Bc5 4. O-O Nf6 5. Nc3 d6 6. Bxc6+ bxc6 7. d4
exd4 8. Nxd4 Bd7 9. Be3 O-O 10. Re1 a6 11. a3 Ba7 12. Kh1 c5 13. Nf5 Qc8
14. Ng3 Re8 15. Bg5 Re6 16. Nd5 Ne8 17. Nf5 Qb7 18. b3 h6 19. Bxh6 Rxh6
20. Nxh6+ gxh6 21. Qh5 Ng7 22. Qxh6 c6 23. Nf6+ Kf8 24. Qh8+ Ke7 25. Qxg7
{Black resigns} 1-0

[Event "FICS Team League T30"]
[Site "FICS, San Jose, California USA"]
[Date "2006.05.13"]
[Time "16:02:55"]
[Round "5"]
[White "EyeAm"]
[Black "wekabird"]
[WhiteElo "1397"]
[BlackElo "1384"]
[TimeControl "2700+45"]
[Mode "ICS"]
[Result "1/2-1/2"]

1. e4 c6 2. c4 e5 3. Nf3 d6 4. Nc3 Bg4 5. Be2 g6 6. d4 Bg7 7. d5 Bxf3 8. Bxf3
Ne7 9. O-O O-O 10. Bg5 h6 11. Be3 f5 12. Qc1 f4 13. Bd2 Nd7 14. b4 c5 15. b5
Nb6 16. Be2 g5 17. f3 a6 18. a4 axb5 19. axb5 Rxa1 20. Qxa1 Qd7 21. Na4
Nxa4 22. Qxa4 b6 23. Ra1 Rb8 24. Qa7 Rb7 25. Qa8+ Kh7 26. Qa4 Nc8 27. Qc2
Ra7 28. Bc3 Rxa1+ 29. Bxa1 Qa7 30. Bc3 h5 31. h3 Ne7 32. Bd1 Ng6 33. Qa4
Qxa4 34. Bxa4 g4 35. Bd1 gxh3 36. gxh3 Nh8 37. Be1 Nf7 38. Bh4 Kg6 39. Be2
Ng5 40. Kh2 Bf6 41. Bf2 Nf7 42. h4 Nd8 43. Kg2 Nb7 44. Kf1 Na5 45. Ke1 Nb3
46. Kf1 Nd4 47. Ke1 Nc2+ 48. Kf1 Ne3+ 49. Kg1 Nc2 50. Kg2 Nd4 51. Kf1 Be7
52. Ke1 Kh6 53. Kf1 Nb3 54. Ke1 Na5 55. Kf1 Nb7 56. Kg2 Nd8 57. Kh3 Nf7
58. Kh2 Nh8 59. Kh3 Ng6 60. Be1
{Game drawn by mutual agreement} 1/2-1/2

[Event "FICS Team League T30"]
[Site "FICS, San Jose, California USA"]
[Date "2006.05.15"]
[Time "09:04:39"]
[Round "5"]
[White "Sportsmen"]
[Black "nimzovit"]
[WhiteElo "2242"]
[BlackElo "2031"]
[TimeControl "2700+45"]
[Mode "ICS"]
[Result "1/2-1/2"]

1. e4 c5 2. Nc3 d6 3. g3 g6 4. Bg2 Bg7 5. d3 Nc6 6. Be3 e6 7. Qd2 a6 8. Nge2
Nd4 9. O-O Ne7 10. f4 O-O 11. g4 f5 12. h3 Qc7 13. Rae1 Rb8 14. Ng3 b5 15. Nd1
b4 16. c3 bxc3 17. bxc3 Ndc6 18. e5 dxe5 19. Bxc5 Rd8 20. gxf5 exf5 21. fxe5
Nxe5 22. Bxe7 Qxe7 23. d4 Nc4 24. Qf4 Qd6 25. Qxd6 Nxd6 26. Bd5+ Kf8 27. Ne3
Bh6 28. Bb3 Nb5 29. Kh2 Nxc3 30. Nexf5 gxf5 31. Nxf5 Bxf5 32. Rxf5+ Kg7
33. Re7+ Kg6 34. Rf3 Rxd4 35. Rxc3 Bf4+ 36. Kh1 Rb6 37. Bc2+ Kg5 38. Rxh7
Rd2 39. Rf7 Re6 40. Rc5+ Kh4 41. Rxf4+ Kg3 42. Re4 Rxe4 43. Rc3+ Kf4 44. Bxe4
Kxe4 45. Ra3 Rd6 46. Kg2 Kf4 47. Ra4+ Kg5 48. Kf3 Re6 49. Re4
{Game drawn by mutual agreement} 1/2-1/2

[Event "FICS Team League T30"]
[Site "FICS, San Jose, California USA"]
[Date "2006.05.15"]
[Time "09:06:43"]
[Round "5"]
[White "fidelian"]
[Black "clarinetref"]
[WhiteElo "1458"]
[BlackElo "1617"]
[TimeControl "2700+45"]
[Mode "ICS"]
[Result "1/2-1/2"]

1. e4 d6 2. d4 Nf6 3. Nc3 g6 4. Nf3 Bg7 5. Be2 O-O 6. Bf4 Bg4 7. Ng5 Bxe2
8. Qxe2 Nc6 9. O-O-O Nh5 10. Be3 e5 11. d5 Nd4 12. Qc4 a6 13. Nf3 Nxf3 14. gxf3
Rc8 15. Rhg1 Qf6 16. Qe2 Nf4 17. Bxf4 Qxf4+ 18. Kb1 Qxh2 19. Rh1 Qf4 20. Rdg1
f5 21. Rh3 fxe4 22. Nxe4 Qf7 23. Rgh1 h6 24. Qd3 Qf5 25. Rg3 Kf7 26. Rhg1
Ke8 27. Nxd6+ cxd6 28. Qxf5 Rxf5 29. Rxg6 Bf6 30. Rxh6 Rxf3 31. Rg8+ Kd7
32. Rh7+ Be7 33. Rxc8 Kxc8 34. Rxe7 Rxf2 35. c3 Rd2 36. c4 b5 37. cxb5 axb5
38. b3 Rxd5 39. Kb2 Kd8 40. Rb7 e4 41. Rf7 e3 42. Rf1 b4 43. a3 bxa3+ 44. Kxa3
Re5 45. Kb4 Kc7 46. Kc3 d5 47. Kd3 Kc6 48. Re1 Kc5 49. Rxe3
{Game drawn by mutual agreement} 1/2-1/2

[Event "FICS Team League T30"]
[Site "FICS, San Jose, California USA"]
[Date "2006.05.15"]
[Time "09:07:03"]
[Round "5"]
[White "Thalagor"]
[Black "Superselector"]
[WhiteElo "1906"]
[BlackElo "2039"]
[TimeControl "2700+45"]
[Mode "ICS"]
[Result "0-1"]

1. Nf3 c5 2. g3 Nc6 3. d4 cxd4 4. Nxd4 g6 5. Bg2 Bg7 6. Nxc6 bxc6 7. O-O
Nf6 8. c4 O-O 9. Nc3 Qa5 10. a3 Ba6 11. b4 Qe5 12. Qb3 Qe6 13. b5 Rab8 14. Qa4
cxb5 15. cxb5 Bb7 16. Qxa7 Bxg2 17. Kxg2 Ne4 18. Nxe4 Qxe4+ 19. f3 Qxe2+
20. Rf2 Qxb5 21. Raa2 Ra8 22. Qe3 e6 23. Bb2 d5 24. Bxg7 Kxg7 25. Rfb2 Qa4
26. Rb4 Qxb4 27. axb4 Rxa2+ 28. Kh3 Kg8 29. Qe5 Ra4 30. Qd6 Ra3 31. Kg4
Rb3 32. Kg5 Kg7 33. Kf4 Rc8 34. Kg4 Rxb4+ 35. f4 Re4 36. Qe7 d4 37. Qb7
Rd8 38. h4 h5+ 39. Kh3 Rd5 40. Qb2 Re3 41. Kg2 e5 42. fxe5 Rexe5 43. Kf3
d3 44. Qd2 Re2 45. Qc3+ Kh7 46. g4 hxg4+ 47. Kxg4 d2 48. Qc7 Rf2
{White resigns} 0-1

[Event "FICS Team League T30"]
[Site "FICS, San Jose, California USA"]
[Date "2006.05.15"]
[Time "09:10:50"]
[Round "5"]
[White "yonailo"]
[Black "pollock"]
[WhiteElo "1721"]
[BlackElo "1801"]
[TimeControl "2700+45"]
[Mode "ICS"]
[Result "0-1"]

1. e4 c5 2. Nf3 d6 3. d4 cxd4 4. Nxd4 Nf6 5. Nc3 a6 6. Bg5 e6 7. f4 Be7
8. Bd3 Qb6 9. Qd2 Nbd7 10. Nb3 h6 11. Bxf6 Bxf6 12. O-O-O O-O 13. Kb1 a5
14. g4 a4 15. Nc1 a3 16. b3 Nc5 17. g5 hxg5 18. fxg5 Be5 19. h4 Bd7 20. h5
Rfc8 21. N1e2 Qb4 22. g6 Nxd3 23. gxf7+ Kxf7 24. Rdf1+ Kg8 25. h6 Rxc3 26. Qg5
Rxb3+ 27. cxb3 Qxe4 28. h7+ Kh8 29. Ng3 Bxg3 30. Qxg3 Ne1+
{White resigns} 0-1

[Event "FICS Team League T30"]
[Site "FICS, San Jose, California USA"]
[Date "2006.05.15"]
[Time "08:25:38"]
[Round "5"]
[White "zcomcon"]
[Black "fledermaus"]
[WhiteElo "1699"]
[BlackElo "1965"]
[TimeControl "2700+45"]
[Mode "ICS"]
[Result "0-1"]

1. e4 Nf6 2. e5 Nd5 3. d4 d6 4. Nf3 Bg4 5. Be2 e6 6. exd6 cxd6 7. Nbd2 Be7
8. O-O O-O 9. Re1 Nc6 10. c3 Nf4 11. Bf1 d5 12. Nb3 Ng6 13. h3 Bf5 14. Bd3
Bxd3 15. Qxd3 Rb8 16. Be3 Bd6 17. Bg5 Qc7 18. Be3 Rfc8 19. Qe2 Na5 20. Nxa5
Qxa5 21. Rec1 b5 22. Bd2 Qb6 23. a3 a5 24. Ne1 b4 25. axb4 axb4 26. Qa6
bxc3 27. Qxb6 Rxb6 28. bxc3 Kf8 29. g3 Rb2 30. Rc2 Rcb8 31. Kf1 Rxc2 32. Nxc2
Rb2 33. Rc1 Ne7 34. Ke1 Nc6 35. f4 Ke7 36. Ne3 h5 37. c4 Nxd4 38. cxd5 Nf3+
39. Kf1 Nxd2+ 40. Kg1 h4 41. dxe6 fxe6 42. Rc2 Rxc2 43. Nxc2 hxg3
{White resigns} 0-1

[Event "FICS Team League T30"]
[Site "FICS, San Jose, California USA"]
[Date "2006.05.15"]
[Time "10:02:43"]
[Round "5"]
[White "Aul"]
[Black "noordinaryrabbit"]
[WhiteElo "1599"]
[BlackElo "1680"]
[TimeControl "2700+45"]
[Mode "ICS"]
[Result "0-1"]

1. d4 g6 2. c4 Bg7 3. e4 d6 4. Nf3 Nf6 5. Bd3 O-O 6. O-O e5 7. Re1 Nc6 8. Be3
Ng4 9. d5 Nxe3 10. Rxe3 Ne7 11. Nc3 f5 12. Qb3 Kh8 13. Ng5 Nxd5 14. Nxh7
Nxe3 15. Nxf8 Bxf8 16. fxe3 Qg5 17. Re1 c6 18. exf5 gxf5 19. Nd1 e4 20. Bb1
Bg7 21. Rf1 b6 22. Nf2 Be6 23. Nh3 Qh6 24. Re1 Be5 25. Qc2 Rg8 26. Kh1 d5
27. Qa4 f4 28. exf4 Bxh3 29. gxh3 Qxh3 30. Qc2 Qf3+
{White resigns} 0-1

[Event "FICS Team League T30"]
[Site "FICS, San Jose, California USA"]
[Date "2006.05.16"]
[Time "00:49:51"]
[Round "5"]
[White "jones"]
[Black "Maras"]
[WhiteElo "1850"]
[BlackElo "2187"]
[TimeControl "2700+45"]
[Mode "ICS"]
[Result "0-1"]

1. e4 e6 2. d4 d5 3. Nd2 Nc6 4. Ngf3 Nf6 5. e5 Nd7 6. h4 f6 7. Bb5 a6 8. Bxc6
bxc6 9. Rh3 Qe7 10. Nb3 a5 11. Kf1 a4 12. Nc5 Nxc5 13. dxc5 Qxc5 14. exf6
gxf6 15. Nd4 e5 16. Qh5+ Kd8 17. Qf7 Be7 18. Ne6+ Bxe6 19. Qxe6 Qd6 20. Qf7
Kd7 21. Rg3 Qe6 22. Qh5 Rag8 23. Rxg8 Qxg8 24. c4 Qg6 25. Qd1 Rg8 26. g3
Qe4 27. Qxa4 Bc5 28. Qd1 Qh1+ 29. Ke2 Qe4+ 30. Kf1 Qf5 31. Qe2 Rxg3 32. cxd5
Rf3 33. d6
{White resigns} 0-1

[Event "FICS Team League T30"]
[Site "FICS, San Jose, California USA"]
[Date "2006.05.16"]
[Time "10:04:14"]
[Round "5"]
[White "dlf"]
[Black "trajanus"]
[WhiteElo "2069"]
[BlackElo "2065"]
[TimeControl "2700+45"]
[Mode "ICS"]
[Result "0-1"]

1. b3 e5 2. Bb2 Nc6 3. c4 Nf6 4. e3 d5 5. cxd5 Nxd5 6. a3 Be6 7. Qc2 Bd6
8. Nf3 O-O 9. d3 f5 10. Nbd2 Qe7 11. Be2 Rae8 12. O-O Rf6 13. Ng5 Rh6 14. Nxe6
Qxe6 15. Nc4 Be7 16. Bf3 Bf6 17. Nd2 Rd8 18. b4 Qd6 19. Nc4 Qe6 20. b5 Nce7
21. Rfd1 Kh8 22. Nd2 g5 23. g3 g4 24. Bg2 f4 25. exf4 exf4 26. Re1 Qd7 27. Ne4
f3 28. Nxf6 Nxf6 29. Bf1 Nd5 30. Qc4 Rg6 31. Re5 Nb6 32. Qf4 Kg8 33. Rae1
Nbd5 34. Qd4 Qxb5 35. Rxd5 Qxd5 36. Qf4 Re8 37. Rc1 c6 38. d4 Qg5 39. Qc7
Rg7 40. Qd6 Nd5 41. Qc5 a6
{White resigns} 0-1

[Event "FICS Team League T30"]
[Site "FICS, San Jose, California USA"]
[Date "2006.05.16"]
[Time "10:11:09"]
[Round "5"]
[White "Enz"]
[Black "YouFish"]
[WhiteElo "1792"]
[BlackElo "1708"]
[TimeControl "2700+45"]
[Mode "ICS"]
[Result "1-0"]

1. d4 d5 2. e3 Nf6 3. f4 c5 4. c3 Nc6 5. Bd3 Bg4 6. Nf3 Ne4 7. O-O e6 8. Nbd2
Nxd2 9. Bxd2 Bd6 10. Qe1 Bxf3 11. Rxf3 Qe7 12. a4 f6 13. Qh4 O-O-O 14. dxc5
Bxc5 15. b4 Bd6 16. Qf2 e5 17. e4 d4 18. b5 dxc3 19. bxc6 cxd2 20. cxb7+
Qxb7 21. Qxd2 Bc5+ 22. Kh1 Rd6 23. fxe5 fxe5 24. Qc3 Rc6 25. Bb5 Rc7 26. Qxe5
Rd8 27. Rd3 Rxd3 28. Bxd3 Qb3 29. Ba6+ Kd8 30. Qg5+ Be7 31. Qxg7 Rc6 32. Bb5
Rg6 33. Qh8+ Kc7 34. Rc1+ Kb6 35. Qb8+ Ka5 36. Qxa7+ Kb4 37. Qxe7+ Ka5 38. Qc5
Qb2 39. Bd3+ Kxa4 40. Rc4+ Kb3 41. Rb4+ Ka2 42. Qa5+ Qa3 43. Bc4+ Ka1 44. Qxa3#
{Black checkmated} 1-0

[Event "FICS Team League T30"]
[Site "FICS, San Jose, California USA"]
[Date "2006.05.15"]
[Time "21:54:54"]
[Round "5"]
[White "RFFISCHER"]
[Black "MFalme"]
[WhiteElo "1590"]
[BlackElo "1568"]
[TimeControl "2700+45"]
[Mode "ICS"]
[Result "0-1"]

1. e4 e5 2. Nf3 d6 3. Bc4 Nc6 4. a3 Qe7 5. c3 Be6 6. Bxe6 Qxe6 7. d3 Be7
8. O-O f5 9. Bg5 f4 10. Bxe7 Qxe7 11. Qb3 Rb8 12. Nbd2 Nf6 13. Ng5 Nd8 14. Qa4+
c6 15. Qxa7 Qc7 16. d4 O-O 17. Qa4 b5 18. Qb3+ d5 19. dxe5 Qxe5 20. Ngf3
Qe6 21. exd5 cxd5 22. Rfe1 Qd6 23. Nd4 Nf7 24. Re6 Qd7 25. N2f3 Ne4 26. a4
Nc5 27. Re7 Nxb3 28. Rxd7 Nxa1 29. axb5 Rfd8 30. Ra7 Ra8 31. b6 Rxa7 32. bxa7
Nd6 33. Ne6 Ra8 34. Nfd4 Rxa7 35. Nxf4 Nc4 36. b4 Rd7 37. Kf1 Nd2+ 38. Ke2
Ndb3 39. Nxb3 Nxb3 40. Kd1 d4 41. Kc2 Na1+ 42. Kb2 d3 43. Nxd3 Rxd3 44. b5
Kf7 45. b6 Rd6 46. b7 Rb6+ 47. Kxa1 Kf6 48. f4 Kf5 49. g3 Kg4 50. c4 Kh3
51. c5 Rxb7 52. c6 Rc7 53. Kb2 Rxc6 54. Kb3 Kxh2 55. g4 Kg3
{White resigns} 0-1

[Event "FICS Team League T30"]
[Site "FICS, San Jose, California USA"]
[Date "2006.05.14"]
[Time "23:56:53"]
[Round "5"]
[White "xplan"]
[Black "wekabird"]
[WhiteElo "1593"]
[BlackElo "1385"]
[TimeControl "2700+45"]
[Mode "ICS"]
[Result "1-0"]

1. e4 c6 2. d4 d5 3. Nc3 dxe4 4. Nxe4 Bf5 5. Nc3 e6 6. Nf3 h6 7. Bd3 Bxd3
8. Qxd3 Nf6 9. O-O Be7 10. Ne5 O-O 11. Qg3 Nh5 12. Qd3 Bg5 13. Ne4 Bxc1
14. Raxc1 Nf4 15. Qd2 Nd5 16. c3 f5 17. Nc5 Qe7 18. Ng6 Qf7 19. Nxf8 Kxf8
20. Rfe1 Nd7 21. Nxe6+ Kg8 22. Nf4 N5f6 23. b3 Ne4 24. Qd3 g5 25. Nh3 g4
26. Nf4 Re8 27. Qc4 Qxc4 28. bxc4 Nb6 29. Nh5 Kf7 30. Ng3 Nxc4 31. Nxf5
Kg6 32. Ne3 Nb2 33. Nxg4 Nd3 34. Ne5+ Kf5 35. Nxd3 Rd8 36. Nc5 Nd6 37. Re5+
Kg6 38. Rce1 Nf5 39. Nxb7 Rb8 40. Re6+ Kg5 41. Nd6 Rb2 42. Nxf5 Kxf5 43. h3
Rxa2 44. R1e5+ Kf4 45. Rf6#
{Black checkmated} 1-0

[Event "FICS Team League T30"]
[Site "FICS, San Jose, California USA"]
[Date "2006.05.16"]
[Time "09:02:02"]
[Round "5"]
[White "MStav"]
[Black "Aul"]
[WhiteElo "1714"]
[BlackElo "1591"]
[TimeControl "2700+45"]
[Mode "ICS"]
[Result "1/2-1/2"]

1. d4 d6 2. Nf3 b6 3. c4 Nd7 4. Nc3 Bb7 5. e4 h6 6. Be2 e5 7. d5 Ngf6 8. h3
Nc5 9. Qc2 a5 10. Be3 g6 11. Nd2 Bg7 12. Nb3 Nfd7 13. Nb5 Na6 14. a3 Qe7
15. Nc1 Ndc5 16. f3 c6 17. dxc6 Bxc6 18. Nd3 O-O 19. O-O Rfc8 20. Nxc5 Nxc5
21. Nc3 a4 22. Bxc5 bxc5 23. Nd5 Qb7 24. Rab1 Bxd5 25. cxd5 Rcb8 26. Bc4
h5 27. Rfd1 Bh6 28. Rd3 Bf4 29. b3 Qe7 30. Qf2 Qg5 31. Kf1 Bg3 32. Qc2 Ra7
33. bxa4 Rxb1+ 34. Qxb1 Rxa4 35. Qc2 Ra8 36. a4 Bh4 37. Bb5 Qd8 38. Qd2
c4 39. Rc3 Qb6 40. Qe3 Qxe3 41. Rxe3 Kf8 42. Rc3 Bd8 43. Rxc4 Ke7 44. Ke2
Ba5 45. Kd3 Kd8 46. Rc6 Ke7 47. Ra6 Rxa6 48. Bxa6 Kd7 49. Kc4 Kc7 50. Bb5
f5 51. Be8 h4 52. Bxg6 f4 53. Kb5 Bb6 54. a5 Bc5 55. Be8 Kb8 56. Ka6 Ba7
57. Bc6 Bc5 58. Kb5 Ka7 59. a6 Bb6 60. Bb7 Bc5
{Game drawn by mutual agreement} 1/2-1/2

[Event "FICS Team League T30"]
[Site "FICS, San Jose, California USA"]
[Date "2006.05.16"]
[Time "12:49:18"]
[Round "5"]
[White "HyperMagnus"]
[Black "AlefZero"]
[WhiteElo "2040"]
[BlackElo "2239"]
[TimeControl "2700+45"]
[Mode "ICS"]
[Result "0-1"]

1. e4 c6 2. d4 d5 3. e5 Bf5 4. Bd3 Bxd3 5. Qxd3 e6 6. Ne2 Qa5+ 7. c3 Qa6
8. Qxa6 Nxa6 9. Bg5 c5 10. O-O Ne7 11. Nd2 Nc6 12. a3 Rc8 13. b4 cxb4 14. cxb4
Nc7 15. Nb3 h6 16. Be3 b6 17. Rac1 Kd7 18. Nc3 Be7 19. b5 Na5 20. Nxa5 bxa5
21. Ra1 Rb8 22. a4 Na8 23. Rfc1 Nb6 24. f4 Rhc8 25. g4 Rc4 26. f5 Rbc8 27. Ne2
Rxa4 28. Rxa4 Rxc1+ 29. Nxc1 Nxa4 30. Nb3 Bb4 31. f6 g5 32. Nc5+ Nxc5 33. dxc5
a4 34. c6+ Kc7 35. Bxa7 Bc3 36. Bc5 Bxe5 37. Be7 Bb2
{White resigns} 0-1

[Event "FICS Team League T30"]
[Site "FICS, San Jose, California USA"]
[Date "2006.05.16"]
[Time "18:13:56"]
[Round "5"]
[White "phorku"]
[Black "MFalme"]
[WhiteElo "1577"]
[BlackElo "1582"]
[TimeControl "2700+45"]
[Mode "ICS"]
[Result "1-0"]

1. e4 e5 2. Bc4 d6 3. d3 f5 4. Bxg8 Rxg8 5. Qh5+ g6 6. Qxh7 Rg7 7. Qh3 Nc6
8. Qe3 Bd7 9. c3 f4 10. Qe2 g5 11. Qh5+ Ke7 12. Qe2 Rh7 13. Na3 Bg7 14. Bd2
g4 15. O-O-O Qh8 16. g3 f3 17. Bg5+ Bf6 18. Bxf6+ Kxf6 19. Qc2 Rxh2 20. Rxh2
Qxh2 21. Nc4 Rh8 22. Ne3 Ne7 23. Nxg4+ Bxg4 24. d4 Qg2 25. dxe5+ Kxe5 26. Qd2
Rh5 27. Qf4+ Ke6 28. Qxg4+ Kf6 29. Qxh5 Qxf2 30. Qxf3+ Qxf3 31. Nxf3 Ng6
32. Rf1 Ke7
{Black resigns} 1-0

[Event "FICS Team League T30"]
[Site "FICS, San Jose, California USA"]
[Date "2006.05.17"]
[Time "18:57:26"]
[Round "5"]
[White "RHankinsJr"]
[Black "UIPawn"]
[WhiteElo "1308"]
[BlackElo "1244"]
[TimeControl "2700+45"]
[Mode "ICS"]
[Result "1-0"]

1. e4 d5 2. exd5 Qxd5 3. Nc3 Qd8 4. Nf3 Nc6 5. d4 Nf6 6. Bc4 Be6 7. Bxe6
fxe6 8. O-O Qd7 9. Re1 O-O-O 10. Ng5 Nd5 11. Nxd5 Qe8 12. Nxc7 Kxc7 13. Nxe6+
Kc8 14. Nxd8 Nxd8 15. Bf4 e6 16. d5 Qa4 17. dxe6 Qxf4 18. Qd7+ Kb8 19. Qxd8#
{Black checkmated} 1-0

[Event "FICS Team League T30"]
[Site "FICS, San Jose, California USA"]
[Date "2006.05.17"]
[Time "12:23:25"]
[Round "5"]
[White "maeck"]
[Black "Nemisis"]
[WhiteElo "1903"]
[BlackElo "1930"]
[TimeControl "2700+45"]
[Mode "ICS"]
[Result "0-1"]

1. Nf3 Nf6 2. g3 g6 3. b4 Bg7 4. Bb2 O-O 5. Bg2 d6 6. O-O Nbd7 7. d3 a5
8. b5 Rb8 9. Na3 b6 10. d4 Bb7 11. c4 Qe8 12. Rc1 e5 13. c5 Bxf3 14. 
Bxf3
dxc5 15. dxc5 Nxc5 16. Bc6 Qe7 17. Nc4 Rfd8 18. Qc2 Nd5 19. a3 Qe6 20. 
Nxa5
Bh6 21. Rcd1 Ne3 22. fxe3 Bxe3+ 23. Kg2 bxa5 24. Rxd8+ Rxd8 25. Bc3 a4 
26. Rf3
Bh6 27. Bb4 Nb3 28. e3 Bf8 29. b6 Bxb4 30. axb4 Rd2+ 31. Qxd2 Nxd2 32. 
b7
Qxc6 33. b8=Q+ Kg7 34. e4 Qxe4
{White resigns} 0-1

[Event "FICS Team League T30"]
[Site "FICS, San Jose, California USA"]
[Date "2006.05.20"]
[Time "21:10:30"]
[Round "5"]
[White "Mekk"]
[Black "Litovec"]
[WhiteElo "1716"]
[BlackElo "1768"]
[TimeControl "2700+45"]
[Mode "ICS"]
[Result "1-0"]

1. e4 d5 2. exd5 Nf6 3. d4 Nxd5 4. c4 Nf6 5. Nc3 g6 6. Nf3 Bg7 7. h3 O-O
8. Bd3 b6 9. O-O Bb7 10. Be3 Re8 11. Ng5 e5 12. d5 Nbd7 13. Qf3 Rc8 14. Nge4
c6 15. Bg5 h6 16. Bh4 g5 17. Bg3 cxd5 18. cxd5 Nxd5 19. Nd6 Nxc3 20. Qxf7+
Kh8 21. Nxb7 Qc7 22. bxc3 Qxb7 23. Bf5 Red8 24. Bxe5 Nc5 25. Bxg7#
{Black checkmated} 1-0

[Event "FICS Team League T30"]
[Site "FICS, San Jose, California USA"]
[Date "2006.05.20"]
[Time "09:07:11"]
[Round "5"]
[White "Relu"]
[Black "flibbergibber"]
[WhiteElo "1925"]
[BlackElo "1861"]
[TimeControl "2700+45"]
[Mode "ICS"]
[Result "1-0"]

1. d4 d5 2. c4 e6 3. Nc3 c6 4. Nf3 Nf6 5. Bg5 Nbd7 6. e3 b6 7. cxd5 cxd5
8. Bb5 a6 9. Bc6 Ra7 10. O-O Be7 11. Ne5 O-O 12. Bxd7 Bxd7 13. f4 Be8 14. Rf3
Ne4 15. Bxe7 Qxe7 16. Rh3 f6 17. Nd3 Nd6 18. b3 Bg6 19. Na4 Rb8 20. Rc1
Bf5 21. g4 Be4 22. Nb4 Qd7 23. Nc6 Rbb7 24. Nxa7 Rxa7 25. Nxb6 Qb5 26. Na4
Bg6 27. Nc5 Qe8 28. Qe2 e5 29. f5 Bf7 30. Qd2 h6 31. Rf3 Nb5 32. Rff1 e4
33. a4 Nd6 34. Qe2 Qb8 35. Rc3 a5 36. Rfc1 Kh7 37. Na6 Qb7 38. Rc6 Ne8 39. Qb5
Qxb5 40. axb5 Rb7 41. b6 h5 42. Nc5 Rb8 43. b7
{Black resigns} 1-0